 Dungeon Crawl Stone Soup version 0.27-a0-773-gaaee5cf (webtiles) character file.

Game seed: 13867576235622026928

63 Shadowblade the Scratcher (level 3, -1/16 HPs)
             Began as a Felid Transmuter on Mar 25, 2021.
             Slain by Jessica
             ... wielding a +0 dagger
              (4 damage)
             ... on level 3 of the Dungeon.
             The game lasted 00:04:15 (2903 turns).

Shadowblade the Scratcher (Felid Transmuter)        Turns: 2903, Time: 00:04:15

Health: -1/16      AC:  1    Str:  6    XL:     3   Next: 87%
Magic:  6/7        EV: 18    Int: 14    God:
Gold:   22         SH:  0    Dex: 17    Spells: 3/6 levels left
                                        Lives:  0   Deaths: 0

rFire    . . .     SeeInvis +     - Unarmed
rCold    . . .     Faith    .   (shield unavailable)
rNeg     . . .     Spirit   .   (armour unavailable)
rPois    .         Reflect  .   (helmet unavailable)
rElec    .         Harm     .   (cloak unavailable)
rCorr    .         Rampage  .   (gloves unavailable)
Will     .....                  (boots unavailable)
Stlth    ++........             (no amulet)
HPRegen  0.05/turn              (no ring)
MPRegen  0.10/turn              (no ring)

@: appendages (expiring), quick
A: horns 2, very small, claws 1, fangs 3, see invisible, speed 1, shaggy fur 1,
stealthy paws, no weapons or thrown items, no armour, multi-lived
a: End Transformation


You were on level 3 of the Dungeon.
You had temporarily grown beastly horns.
You visited 1 branch of the dungeon, and saw 3 of its levels.

You collected 58 gold pieces.
You spent 36 gold pieces at shops.

Inventory:

Jewellery
 f - a ring of flight
Scrolls
 c - a scroll of immolation {unknown}
 g - a scroll of teleportation {unknown}
Potions
 a - a potion of flight {unknown}
 b - 2 potions of curing
 d - a potion of degeneration {unknown}
 e - a potion of brilliance {unknown}


   Skills:
 * Level 1.6 Fighting
 + Level 3.0 Dodging
 + Level 1.3 Stealth
 + Level 3.8 Unarmed Combat
 + Level 2.3 Spellcasting
 + Level 2.6 Transmutations


You had 3 spell levels left.
You knew the following spells:

 Your Spells              Type           Power      Damage    Failure   Level
a - Beastly Appendage     Tmut           18%        N/A       8%          1
b - Wereblood             Tmut           9%         N/A       12%         2

Your spell library contained the following spells:

 Spells                   Type           Power      Damage    Failure   Level
 Spider Form              Tmut/Pois      2%         N/A       36%         3
 Ice Form                 Ice/Tmut       5%         N/A       78%         4
 Blade Hands              Tmut           4%         N/A       91%         5


Dungeon Overview and Level Annotations

Branches:
Dungeon (3/15)

Altars:
Gozag
Makhleb

Shops:
D:1 *   D:2 *

Annotations:
D:3 Jessica


Innate Abilities, Weirdness & Mutations

You have temporarily grown beastly horns.
You have sharp claws.
You have razor-sharp teeth.
You have supernaturally acute eyesight. (SInv)
You cover ground quickly. (Speed+)
You are covered in fur. (AC +1)
Your stealthy paws help you sneak and pounce on unaware monsters.
You are incapable of wielding weapons or throwing items.
You cannot wear armour.
You gain extra lives every three experience levels.


Message History

Found a stone staircase leading down.
You pounce on the unaware helpless kobold!
You claw the kobold!
You kill the kobold!
No target in view!
No target in view!
No target in view!
No target in view!
Things that are here:
a +0 short sword; a stone Jessica the Apprentice Sorceress comes into view.
She is wielding a +0 dagger.
Casting: Beastly Appendage (safe; 8% risk of failure)
Confirm with . or Enter, or press ? or * to list all spells.
You grow a pair of large bovine horns.
No target in view!
No target in view!
Jessica shouts!
You scratch Jessica but do no damage.
Your transformation is almost over.
Jessica closely misses you.
You scratch Jessica but do no damage. Your headbutt misses Jessica.
You bite Jessica.
Jessica is heavily wounded.
You closely miss Jessica.
Jessica is heavily wounded.
Jessica gestures at you while chanting. Pain shoots through your body!
Ouch! That really hurt!
You are too injured to fight recklessly!
You scratch Jessica. You headbutt Jessica.
Jessica is severely wounded.
Jessica hits you with a +0 dagger.
* * * LOW HITPOINT WARNING * * *
You scratch Jessica.
Jessica is almost dead.
Jessica closely misses you.
You scratch Jessica but do no damage.
Jessica is severely wounded.
Jessica hits you with a +0 dagger.
You die...

#########
#..@@...#
####.#####.#
#..#.# #..#.#### #
#.......##.#.#.#
#.##.#)....#.#.#
#...>..........
#..#.#.####..#
#..#.#.......####.


You could see Jessica.

Vanquished Creatures
  2 adders (D:2)
  A worm (D:2)
  2 endoplasms (D:1)
  A giant cockroach (D:1)
  6 hobgoblins
  6 jackals (D:1)
  3 quokkas (D:1)
  A ball python (D:1)
  4 bats
  5 frilled lizards
  4 kobolds
  5 rats
40 creatures vanquished.

Notes
Turn   | Place    | Note
-------+----------+-------------------------------------------
     0 | D:1      | Shadowblade the Felid Transmuter began the quest for the
                  | Orb.
     0 | D:1      | Reached XP level 1. HP: 9/9 MP: 4/4
   390 | D:1      | Found Lommoosu's General Store.
   460 | D:1      | Reached XP level 2. HP: 12/12 MP: 3/6
   573 | D:1      | Learned a level 2 spell: Wereblood
   781 | D:1      | You fall into a shaft and drop 1 floor!
  1300 | D:1      | Reached XP level 3. HP: 15/15 MP: 5/7
  1543 | D:1      | Bought a potion of curing for 36 gold pieces
  2031 | D:2      | Found Mibbu's Assorted Antiques.
  2051 | D:2      | Reached skill level 1 in Stealth
  2290 | D:2      | Found an opulent altar of Gozag.
  2723 | D:2      | Found a burning altar of Makhleb.
  2892 | D:3      | Noticed Jessica
  2903 | D:3      | Slain by Jessica

Illustrated notes

Levels and vault maps discovered:
D:1:      dpeg_arrival_rooms_c, layout_loops_ring, serial_shops, shop,
          minmay_misc_feat_chi, minmay_misc_feat_room
D:2:      layout_basic, grunt_gozag_breadcrumbs, lemuel_doored_altar,
          serial_shops, shop
D:3:      layout_basic, lemuel_crystal_altar, uniq_jessica, uniq_ijyb,
          uniq_robin

Skill      XL: |  1  2  3 |
---------------+----------+-----
Dodging        | 3 |  3.0
Stealth        | 1 |  1.3
Fighting       | |  1.6
Unarmed Combat | |  3.8
Spellcasting   | |  2.3
Transmutations | |  2.6

Action                   || total
-------------------------++-------
Melee: Unarmed           ||   109
       Bite              ||    10
       Headbutt          ||    10
 Cast: Beastly Appendage ||    30
 Stab: Sleeping          ||    10
Armor: Skin              ||     2
Dodge: Dodged            ||    73

Table legend: (Time is in decaauts)
 A = Elapsed time spent in this place.
 B = Non-inter-level travel time spent in this place.
 C = Inter-level travel time spent in this place.
 D = Time resting spent in this place.
 E = Time spent auto-exploring this place.
 F = Levels seen in this place.
 G = Mean time per level.
                   A        B        C        D        E       F      G
               +--------+--------+--------+--------+--------+-----+--------+
         Total |   2589 |   2481 |    108 |    771 |   1381 |   3 |  863.0 |
       Dungeon |   2589 |   2481 |    108 |    771 |   1381 |   3 |  863.0 |
               +--------+--------+--------+--------+--------+-----+--------+

Top non-repeatable levels by time:
     D:1: 1419 daAuts
     D:2: 1146 daAuts
     D:3: 23 daAuts
